 Dungeon Crawl Stone Soup version 0.28.0 (webtiles) character file.

Game seed: 14475069519300329772

36 Dani the Ruffian (level 3, 36/36 HPs)
             Began as a Troll Fighter on Feb 7, 2022.
             Was an Initiate of Ashenzari.
             Quit the game on level 2 of the Dungeon.
             The game lasted 00:02:49 (777 turns).

Dani the Ruffian (Troll Fighter)                     Turns: 777, Time: 00:02:49

Health: 36/36      AC:  4    Str: 26    XL:     3   Next: 19%
Magic:  2/2        EV:  8    Int:  4    God:    Ashenzari [......]
Gold:   27         SH:  7    Dex:  9    Spells: 2/2 levels left

rFire   . . .      SeeInvis .     - Unarmed
rCold   . . .      Faith    .   b - +0 kite shield
rNeg    . . .      Spirit   .   a - +0 robe of the Ruined Liberalism {Cun, Fort} (curse)
rPois   .          Reflect  .   (helmet restricted)
rElec   .          Harm     .   (no cloak)
rCorr   .          Rampage  .   (gloves unavailable)
Will    .....                   (boots unavailable)
Stlth   +.........              (no amulet)
HPRegen 0.92/turn               (no ring)
MPRegen 0.08/turn               (no ring)

@: no status effects
A: large, unfitting armour, claws 3, regeneration 1, shaggy fur 1, tough skin 1
a: Renounce Religion, Shatter the Chains


You were on level 2 of the Dungeon.
You worshipped Ashenzari.
Ashenzari was noncommittal.
You visited 1 branch of the dungeon, and saw 2 of its levels.

You collected 27 gold pieces.

Inventory:

Armour
 a - the cursed +0 robe of the Ruined Liberalism (worn) {Cun, Fort}

   It has a curse which improves the following skills: Cunning: Dodging and
   Stealth.
   Fortitude: Armour and Shields.
 b - a +0 kite shield (worn)
Scrolls
 d - a scroll of immolation {unknown}
 e - a scroll of enchant armour {unknown}
 f - a scroll of identify {unknown}
Potions
 c - a potion of might


   Skills:
 + Level 2.8 Fighting
 * Level 0.5 Maces & Flails
 - Level 2.4(2.8) Dodging
 - Level 2.4(2.8) Shields
 - Level 3.0 Unarmed Combat


You had 2 spell levels left.
You didn't know any spells.
Your spell library was empty.

Dungeon Overview and Level Annotations

Branches:
Dungeon (2/15)

Altars:
Ashenzari


Innate Abilities, Weirdness & Mutations

You are too large for most types of armour.
You have claws for hands.
Your natural rate of healing is unusually fast.
You are covered in fur. (AC +1)
You have tough skin. (AC +1)


Message History

Things that are here:
a +0 dagger; a goblin corpse
Items here: )) ††.
Things that are here:
a +0 club; a kobold skeleton You see here a +0 club.
Found a stone staircase leading down.
Key pressed, stopping explore.
Found a stone staircase leading down.
Key pressed, stopping explore.
Found a faded altar of an unknown god.
Key pressed, stopping explore.
You now have 13 gold pieces (gained 4).
A kobold comes into view. It is wielding a +0 dagger.
Found 14 gold pieces.
The kobold shouts!
You hear an angry hiss.
A ball python comes into view.
There are monsters nearby!
The kobold hits you with a +0 dagger.
You scratch the ball python.
The ball python is severely wounded.
The kobold hits you but does no damage. You block the ball python's attack.
You closely miss the ball python.
The ball python is severely wounded.
The ball python barely misses you. The kobold hits you but does no damage.
The ball python barely misses you. The kobold hits you with a +0 dagger.
You scratch the ball python.
You kill the ball python!
You block the kobold's attack.
You claw the kobold!
You kill the kobold!
No target in view!
No target in view!
Search for what [? for help]? altar
There is a shaft here.
There is a faded altar of an unknown god here.
You cannot tell which god this altar belongs to.
Convert to them anyway?
Ashenzari accepts your prayer! Ashenzari welcomes you!
Ashenzari warns you of distant threats and treasures.
Ashenzari reveals the structure of the dungeon to you.
Ashenzari shows you where magical portals lie.
There is a shaft here.
Ashenzari invites you to partake of a vision and a curse of cunning and fortitude.
Your +0 robe glows black for a moment.
Key pressed, stopping explore.
Key pressed, stopping explore.
Found a leather armour.
Found a scroll labelled KECLED CILE.
Things that are here:
a +0 dagger; a kobold corpse You now have 27 gold pieces (gained 14).
Key pressed, stopping explore.
Key pressed, stopping explore.
e - a scroll labelled KECLED CILE Done exploring.
Done exploring.
Done exploring.
Done exploring.
Done exploring.
Done exploring.
There is a stone staircase leading down here.
You climb downwards.
Found a scroll labelled PYOCESUECI.
There is a stone staircase leading up here.
A bat is nearby!
A bat is nearby!
A bat is nearby!
A bat is nearby!
Unknown command.
A bat is nearby!
The bat closely misses you.
You closely miss the bat. The bat barely misses you.
You block the bat's attack.
A bat is nearby!
You claw the bat!
You kill the bat!
Key pressed, stopping explore.
No target in view!
No target in view!
There is a stone staircase leading up here.
f - a scroll labelled PYOCESUECI No target in view!
An adder comes into view.
An adder is nearby!
An adder is nearby!
The helpless adder fails to defend itself.
You scratch the adder.
The adder is heavily wounded.
You block the adder's attack. x2
An adder is nearby!
You claw the adder!
You kill the adder!
You have reached level 3!
Your experience leads to an increase in your attributes!
Increase (S)trength, (I)ntelligence, or (D)exterity?
You feel stronger. x3
Are you sure you want to abandon this character and quit the game? (Confirm with "yes".)
Okay, then.
Unknown command.
Unknown command.
Are you sure you want to abandon this character and quit the game? (Confirm with "yes".)

### ##
..###.#
#.#@#
#..## #..#
#..# #..#
#..#
#.<#######
#.........
#.########


There were no monsters in sight!

Vanquished Creatures
  A gnoll (D:1)
  An adder (D:2)
  2 ball pythons (D:1)
  2 bats
  An endoplasm (D:1)
  A giant cockroach (D:1)
  6 kobolds (D:1)
  A frilled lizard (D:1)
  2 goblins (D:1)
  A rat (D:1)
18 creatures vanquished.

Notes
Turn   | Place    | Note
-------+----------+-------------------------------------------
     0 | D:1      | Dani the Troll Fighter began the quest for the Orb.
     0 | D:1      | Reached XP level 1. HP: 22/22 MP: 0/0
    92 | D:1      | Reached XP level 2. HP: 25/29 MP: 1/1
   460 | D:1      | Reached skill level 3 in Unarmed Combat
   640 | D:1      | Found a faded altar of an unknown god.
   690 | D:1      | Prayed at the altar of an unknown god.
   690 | D:1      | Became a worshipper of Ashenzari the Shackled
   777 | D:2      | Reached XP level 3. HP: 36/36 MP: 2/2
   777 | D:2      | Quit the game

Illustrated notes

Levels and vault maps discovered:
D:1:      ncdulo_halloftheorcs, layout_loops_cross,
          hellmonk_ecumenical_altar_leap_of_faith, minmay_misc_feat_hallway
D:2:      layout_loops_ring, minmay_rat_gold_closets, uniq_robin

Skill      XL: |  1  2 |
---------------+-------+-----
Unarmed Combat | 3 |  3.0
Fighting       | |  2.8
Maces & Flails | |  0.5
Dodging        | |  2.4
Shields        | |  2.4

Action                   || total
-------------------------++-------
Melee: Unarmed           ||    61
Invok: Curse Item        ||     1
 Stab: Sleeping          ||     1
Armor: Robe              ||    14
Dodge: Dodged            ||    22
Block: Kite shield       ||    22

Table legend: (Time is in decaauts)
 A = Elapsed time spent in this place.
 B = Non-inter-level travel time spent in this place.
 C = Inter-level travel time spent in this place.
 D = Time resting spent in this place.
 E = Time spent auto-exploring this place.
 F = Levels seen in this place.
 G = Mean time per level.
                   A        B        C        D        E       F      G
               +--------+--------+--------+--------+--------+-----+--------+
         Total |    783 |    736 |     47 |      0 |    605 |   2 |  391.5 |
       Dungeon |    783 |    736 |     47 |      0 |    605 |   2 |  391.5 |
               +--------+--------+--------+--------+--------+-----+--------+

Top non-repeatable levels by time:
     D:1: 767 daAuts
     D:2: 16 daAuts

Table legend:
 A = Kills in this place as a percentage of kills in entire the game.
 B = Kills by you in this place as a percentage of kills by you in the entire game.
 C = Kills by friends in this place as a percentage of kills by friends in the entire game.
 D = Other kills in this place as a percentage of other kills in the entire game.
 E = Experience gained in this place as a percentage of experience gained in the entire game.
 F = Experience gained in this place divided by the number of levels of this place that you have seen.
                   A       B       C       D       E      F
               +-------+-------+-------+-------+-------+----------------------
         Total | 100.0 | 100.0 |   N/A |   N/A | 100.0 |  26.0
       Dungeon | 100.0 | 100.0 |   N/A |   N/A | 100.0 |  26.0
               +-------+-------+-------+-------+-------+----------------------
